 Dungeon Crawl Stone Soup version 0.18.1-50-g88ac8fd (webtiles) character file.

203 RudyRod the Skirmisher (level 5, -6/49 HPs)
             Began as a Naga Fighter on Oct 12, 2016.
             Killed by divine providence
             ... invoked by an orc priest
              (10 damage)
             ... on level 3 of the Dungeon.
             The game lasted 00:10:01 (2616 turns).

RudyRod the Skirmisher (Naga Fighter)               Turns: 2616, Time: 00:10:02

Health: -6/49      AC:  7    Str: 19    XL:     5   Next: 81%
Magic:  5/5        EV:  6    Int:  8    God:
Gold:   149        SH:  9    Dex: 11    Spells: 0 memorised, 4 levels left

rFire  . . .     SeeInvis +     a - +0 long sword
rCold  . . .     Gourm    .     b - +0 scale mail
rNeg   . . .     Faith    .     c - +0 shield
rPois  +         Spirit   .     (no helmet)
rElec  .         Dismiss  .     f - +1 cloak
rCorr  .         Reflect  .     (no gloves)
SustAt .         Harm     .     (no barding)
MR     .....                    (no amulet)
Stlth  +.........               (no ring)
                                (no ring)

@: lethally poisoned (-6 -> -8), short of breath, very slow, not resistant to
hostile enchantments, very unstealthy
A: see invisible, deformed body, poison resistance, slowness 2, slow metabolism
1, spit poison 2, AC +1
a: Spit Poison


You were on level 3 of the Dungeon.
You were hungry.

You visited 1 branch of the dungeon, and saw 3 of its levels.

You collected 149 gold pieces.

Inventory:

Hand Weapons
 a - a +0 long sword (weapon)
Missiles
 g - 18 stones (quivered)
Armour
 b - a +0 scale mail (worn)
 c - a +0 shield (worn)
 f - a +1 cloak (worn)
Scrolls
 i - 3 scrolls of identify
 l - 2 scrolls of remove curse
 m - a scroll of amnesia {unknown}
 n - a scroll of teleportation
 o - a scroll of blinking {unknown}
Potions
 d - a potion of might
 e - 3 potions of curing
 j - a potion of flight
 p - a potion of brilliance {unknown}
Comestibles
 h - a beef jerky
 k - a slice of pizza
 q - a chunk of flesh


   Skills:
 + Level 3.5 Fighting
 + Level 2.6 Long Blades
 + Level 2.9 Armour
 * Level 2.4 Dodging
 * Level 2.7 Stealth
 + Level 3.0 Shields


You had 4 spell levels left.
You didn't know any spells.

Dungeon Overview and Level Annotations

Branches:
Dungeon (3/15)

Altars:


Innate Abilities, Weirdness & Mutations

You cannot wear boots.
Your serpentine skin is tough (AC +1).
You have supernaturally acute eyesight.
Armour fits poorly on your strangely shaped body.
Your system is resistant to poisons.
You cover ground very slowly.
You have a slow metabolism.
You can spit poison.


Message History

You block the orc priest's attack.
You hit the orc priest.
The orc priest is almost dead.
The orc priest hits you but does no damage.
You hit the orc priest.
The orc priest is almost dead.
You feel sick. The orc priest barely misses you.
You hit the orc priest but do no damage.
The orc priest is almost dead.
The orc priest mumbles some strange prayers to Beogh against you.
Beogh smites you!
* * * LOW HITPOINT WARNING * * *
The orc priest hits you but does no damage.
An orc comes into view. It is wielding a war axe.
Your shield and scale mail prevent you from hitting the orc priest.
The orc priest is almost dead.
The orc moves out of view.
The orc priest invokes the aid of Beogh against you.
Beogh smites you!
You die... oo....

..... .... ## o..# #.
....# ...# #...
.###...# ...##..
............###.......
.........(..#[o.#
#........ #.(.##@#####
#........ #..........#
#.#......##..##...###.#
#.##...................
#.# #####....##<..#####
#.#######.รท..###.##
#............# #.#
............## #.#
#.#######.#.# #.#


You could see an orc priest.

Vanquished Creatures
  Crazy Yiuf (D:2)
  Ijyb (D:2)
  5 adders
  An ooze (D:1)
  5 worms (D:2)
  2 dart slugs
  3 giant geckos
  3 orcs (D:3)
  2 giant cockroaches
  9 goblins
  7 hobgoblins
  8 jackals (D:2)
  A quokka (D:2)
  2 ball pythons
  7 bats
  3 giant newts (D:2)
  8 kobolds
  11 rats
79 creatures vanquished.

Notes
Turn   | Place    | Note
--------------------------------------------------------------
     0 | D:1      | RudyRod the Naga Fighter began the quest for the Orb.
     0 | D:1      | Reached XP level 1. HP: 21/21 MP: 1/1
   117 | D:1      | Reached XP level 2. HP: 27/28 MP: 2/2
   580 | D:1      | Reached XP level 3. HP: 31/34 MP: 3/3
   658 | D:1      | Reached skill level 1 in Dodging
  1260 | D:2      | Reached skill level 1 in Stealth
  1260 | D:2      | Reached XP level 4. HP: 9/42 MP: 4/4
  2095 | D:2      | Reached XP level 5. HP: 49/49 MP: 5/5
  2234 | D:2      | Noticed Ijyb
  2255 | D:2      | Killed Ijyb
  2327 | D:2      | Noticed Crazy Yiuf
  2343 | D:2      | Killed Crazy Yiuf
  2605 | D:3      | HP: 1/49 [orc priest/divine providence (15)]
  2616 | D:3      | Killed from afar by an orc priest

Skill      XL: |  1  2  3  4  5 |
---------------+----------------+-----
Dodging        | 1 2 |  2.4
Stealth        | 1 2 |  2.7
Shields        | 3 |  3.0
Fighting       | |  3.5
Long Blades    | |  2.6
Armour         | |  2.9

Action                   |  1- 3 |  4- 6 || total
-------------------------+-------+-------++-------
Melee: Long sword        |    97 |   128 ||   225
       Dagger            |    87 |    28 ||   115
 Abil: Spit Poison       |     6 |    20 ||    26
  Use: Scroll            |     3 |     2 ||     5
       Potion            |       |     2 ||     2
  Eat: Chunk             |     1 |       ||     1
       Bread ration      |       |     1 ||     1
Armor: Scale mail        |    91 |    79 ||   170
Dodge: Dodged            |    53 |    40 ||    93
Block: Shield            |    89 |    76 ||   165
